 Dungeon Crawl Stone Soup version 0.30.0-17-ge0270778cf (webtiles) character file.

Game seed: 3531060240294927636

1232 NateTC the Cleaver (level 8, -4/73 HPs)
             Began as a Minotaur Fighter on May 21, 2023.
             Was an Initiate of Gozag.
             Slain by Psyche
             ... wielding a +0 dagger of chaos
              (10 damage)
             ... on level 9 of the Dungeon.
             The game lasted 00:05:06 (4395 turns).

NateTC the Cleaver (Minotaur Fighter)               Turns: 4395, Time: 00:05:07

Health: -4/73      AC:  0    Str: 24    XL:     8   Next: 24%
Magic:  7/7        EV: 22    Int:  5    God:    Gozag
Gold:   309        SH:  0    Dex: 14    Spells: 7/7 levels left

rFire   . . .        a - melded +0 war axe
rCold   . . .        e - melded +1 kite shield
rNeg    . . .        b - melded +0 scale mail
rPois   .            (helmet currently unavailable)
rElec   .            j - melded scarf {harm}
rCorr   .            (gloves currently unavailable)
SInv    .            f - melded +0 pair of boots
Will    .....        (no amulet)
Stlth   +            n - melded ring of protection from fire
HPRegen 0.32/turn    o - melded ring of poison resistance
MPRegen 0.10/turn

%: no passive effects
@: agile, bat-form, flying, very quick
A: fast, flying, no casting, tiny, (horns 2), (retaliatory headbutt)
a: Renounce Religion, Potion Petition, Call Merchant, Bribe Branch


You were on level 9 of the Dungeon.
You worshipped Gozag.
Gozag was aware of your devotion.
You were a bat.
You visited 1 branch of the dungeon, and saw 7 of its levels.

You collected 385 gold pieces.
You paid 76 gold pieces to Gozag.

Inventory:

Hand Weapons
 a - a +0 war axe (melded)
Armour
 b - a +0 scale mail (melded)
 e - a +1 kite shield (melded)
 f - a +0 pair of boots (melded)
 j - a scarf of harm (melded)
Jewellery
 n - a ring of protection from fire (melded)
 o - a ring of poison resistance (melded)
Wands
 u - a wand of iceblast (5)
Scrolls
 h - a scroll of immolation
 p - a scroll of amnesia
 q - 4 scrolls of teleportation
 s - a scroll of identify
 y - a scroll of fog
Potions
 c - 2 potions of attraction {unknown}
 d - 2 potions of might
 g - a potion of lignification
 i - 3 potions of haste
 k - 5 potions of curing
 l - a potion of berserk rage {unknown}
 m - a potion of heal wounds {unknown}
 r - 2 potions of flight {unknown}
 t - a potion of degeneration {unknown}
 v - 2 potions of ambrosia {unknown}
 w - a potion of cancellation {unknown}
 x - 2 potions of magic {unknown}


   Skills:
 * Level 7.3 Fighting
 - Level 9.2 Axes
 - Level 3.6 Armour
 - Level 6.0 Shields


You had 7 spell levels left.
You didn't know any spells.
Your spell library contained the following spells:

 Spells                   Type           Power      Damage    Failure   Level
 Apportation              Tloc           0%         N/A       47%         1
 Freeze                   Ice            0%         1d3       47%         1
 Kiss of Death            Conj/Necr      0%         2d5       47%         1
 Magic Dart               Conj           0%         1d3       47%         1
 Necrotise                Necr           0%         1d4       47%         1
 Summon Small Mammal      Summ           0%         N/A       47%         1
 Call Imp                 Summ           0%         N/A       63%         2
 Confusing Touch          Hex            0%         N/A       85%         3
 Frozen Ramparts          Ice            0%         1d1       85%         3
 Hailstorm                Conj/Ice       0%         3d3       85%         3
 Mephitic Cloud           Conj/Pois/Air  0%         N/A       85%         3
 Summon Guardian Golem    Hex/Summ       0%         N/A       85%         3
 Dispel Undead            Necr           0%         3d6       99%         4
 Orb of Destruction       Conj           0%         9d5       100%        7
 Spellforged Servitor     Conj/Summ      0%         N/A       100%        7
 Borgnjor's Revivificati  Necr           0%         N/A       100%        8
 Necromutation            Tmut/Necr      0%         N/A       100%        8
 Death's Door             Necr           0%         N/A       100%        9


Dungeon Overview and Level Annotations

Branches:
Dungeon (6/15) Zot: 26866  Temple (0/1) D:6

Altars:
Elyvilon
Gozag
Sif Muna
Yredelemnul
The Shining One

Shops:
D:1 (   D:6 =

Annotations:
D:9 Psyche


Innate Abilities, Weirdness & Mutations

You are a bat.
You are tiny and dextrous.
You move quickly.
You are flying.
Your equipment is almost entirely melded.
You are incapable of wielding weapons or throwing items.
You cannot cast spells.
((You have a pair of horns on your head.))
((You reflexively headbutt those who attack you in melee.))


Message History

Something completely misses you. Something hits you.
Something hits you but does no damage.
You miss something. You barely miss something.
The orc shouts!
Something hits you but does no damage. x2
You hear some strange, mumbled words.
You turn into a bat.
Your +0 war axe melds into your body.
Your scarf of harm melds into your body.
Your +0 pair of boots melds into your body.
Your +1 kite shield melds into your body.
Your +0 scale mail melds into your body.
Your ring of protection from fire melds into your body.
Your ring of poison resistance melds into your body.
You miss something.
The orc is no longer distracted by gold.
You hear some strange, mumbled words.
Something hits you.
You hit something but do no damage. Something barely misses you.
Something hits you.
You hit something. Something barely misses you.
You closely miss something. Something hits you.
You hear some strange, mumbled words.
You hit something.
You hear some strange, mumbled words.
A puff of flame appears from out of thin air!
The puff of flame hits you!
* * * LOW HITPOINT WARNING * * *
You hear some strange, mumbled words.
A swirling arc of seething chaos appears!
An arc of chaos appears from out of thin air!
The arc of chaos hits you.
* * * LOW HITPOINT WARNING * * *
The arc of chaos hits something.
You hit something. Something hits you.
* * * LOW HITPOINT WARNING * * *
You feel agile all of a sudden. Something closely misses you.
You hit something. Something hits you!
You die...
Your body crumbles into a pile of gold.

#.# .# #..........(.#
#.# .# ##.###....#[##
#.# ##.# #.# #.##.#.#
#.# #..# #.###.##.#.#
#.# #.# #.....##.#.#
#.###.# ########.#..
#..K..# #.#.#
#####.############.#.#
#....$.{b{oo.?.#
#.###########..... #.#
#.# #.. ###


You could see 2 orcs.

Vanquished Creatures
  A water moccasin (D:4)
  A phantom (D:6)
  A kobold brigand (D:9)
  2 bullfrogs
  4 scorpions
  A howler monkey (D:9)
  3 hounds
  2 jellies
  A sleepcap (D:5)
  Jessica (D:2)
  Terence (D:2)
  3 iguanas
  2 orc wizards (D:5)
  12 adders
  3 gnolls (D:4)
  5 dart slugs
  9 orcs
  8 bats
  11 endoplasms
  3 giant cockroaches
  6 goblins
  3 hobgoblins
  9 jackals
  5 ball pythons
  4 frilled lizards
  6 kobolds
  7 rats
114 creatures vanquished.

Vanquished Creatures (others)
  An orc (D:9)
  A hobgoblin (D:9)
  A quokka (D:3)
3 creatures vanquished.

Grand Total: 117 creatures vanquished

Notes
Turn   | Place    | Note
-------+----------+-------------------------------------------
     0 | D:1      | NateTC the Minotaur Fighter began the quest for the Orb.
     0 | D:1      | Reached XP level 1. HP: 19/19 MP: 0/0
    89 | D:1      | Reached skill level 3 in Axes
   129 | D:1      | Found Orchay's Weapon Shop.
   184 | D:1      | Reached XP level 2. HP: 26/26 MP: 1/1
   451 | D:1      | Reached skill level 4 in Axes
   660 | D:1      | Reached XP level 3. HP: 29/31 MP: 2/2
   859 | D:2      | Noticed Jessica
   863 | D:2      | Killed Jessica
  1057 | D:2      | Reached XP level 4. HP: 41/41 MP: 3/3
  1225 | D:2      | Noticed Terence
  1233 | D:2      | Killed Terence
  1234 | D:2      | Reached skill level 5 in Axes
  1827 | D:3      | Found a white marble altar of Elyvilon.
  1928 | D:3      | Reached XP level 5. HP: 45/47 MP: 4/4
  2030 | D:3      | Reached skill level 6 in Axes
  2368 | D:4      | Noticed a water moccasin
  2382 | D:4      | Reached skill level 5 in Shields
  2382 | D:4      | Reached XP level 6. HP: 52/53 MP: 5/5
  2383 | D:4      | Killed a water moccasin
  2997 | D:5      | Entered Level 5 of the Dungeon
  3103 | D:5      | Reached skill level 7 in Axes
  3127 | D:5      | Reached XP level 7. HP: 60/60 MP: 6/6
  3170 | D:5      | Found a shimmering blue altar of Sif Muna.
  3176 | D:5      | Found a glowing golden altar of the Shining One.
  3176 | D:5      | Found an opulent altar of Gozag.
  3248 | D:5      | Became a worshipper of Gozag Ym Sagoz the Greedy
  3334 | D:5      | Reached skill level 8 in Axes
  3938 | D:6      | Reached skill level 9 in Axes
  3941 | D:6      | Reached skill level 5 in Fighting
  3952 | D:6      | Reached XP level 8. HP: 56/70 MP: 7/7
  4020 | D:6      | Found a basalt altar of Yredelemnul.
  4024 | D:6      | Found Ismih's Jewellery Shop.
  4152 | D:6      | Found a staircase to the Ecumenical Temple.
  4229 | D:6      | You fall into a shaft and drop 3 floors!
  4251 | D:9      | Noticed Psyche
  4395 | D:9      | Slain by Psyche

Illustrated notes

Levels and vault maps discovered:
D:1:      amcnicky_arrival_feature_with_door, layout_basic, serial_shops,
          nicolae_shop_rolling_square, serial_bayou_lagoon_a
D:2:      layout_loops_ring, hangedman_decor_diamond_cutter,
          chequers_hall_statues_y, uniq_jessica, uniq_terence
D:3:      layout_basic, elyvilon_altar_4
D:4:      layout_loops_corners, serial_rivers, chequers_serial_rivers_small_b,
          chequers_serial_rivers_room_b, chequers_serial_rivers_micro_b,
          chequers_serial_rivers_micro_e, chequers_serial_rivers_micro_c,
          chequers_serial_rivers_micro_b, minmay_surrounded
D:5:      layout_loops_corners, grunt_temple_overflow_open
D:6:      layout_rooms, kennysheep_mini_moat, minmay_temple_entry_purple_smoke,
          serial_shops, nicolae_stop_n_shop_2, serial_bayou_pond_a,
          uniq_menkaure
D:9:      layout_loops_ring, nicolae_dithmenos_shadow_blocks, enter_bailey_5,
          chequers_serial_rivers_small_b, corexii_checkpoint_b,
          reono_crystal_passage, uniq_psyche, uniq_amaemon

Skill      XL: |  1  2  3  4  5  6  7  8 |
---------------+-------------------------+-----
Axes           | 3 4 5 6 7 9 |  9.2
Fighting       | 4 5 7 |  7.3
Shields        | 5 6 |  6.0
Armour         | |  3.6

Action                     |  1- 3 |  4- 6 |  7- 9 || total
---------------------------+-------+-------+-------++-------
  Melee: War axe           |    48 |   113 |    94 ||   255
         Headbutt          |     7 |    16 |    13 ||    36
         Unarmed           |       |       |    10 ||    10
    Use: Scroll            |     4 |     5 |     3 ||    12
   Stab: Distracted        |       |       |     1 ||     1
 Armour: Scale mail        |    24 |    60 |    28 ||   112
  Dodge: Dodged            |    29 |    48 |    27 ||   104
  Block: Buckler           |     5 |     2 |       ||     7
         Kite shield       |       |    47 |    33 ||    80
